 Dungeon Crawl Stone Soup version 0.32-a0-913-g739538afd8 (webtiles) character file.

Game seed: 6556113324677918171

16 kae the Changeling (level 2, -3/21 HPs)
             Began as a Demonspawn Shapeshifter on Apr 8, 2024.
             Slain by a kobold
             ... wielding a +3 whip of electrocution
              (4 damage)
             ... on level 1 of the Dungeon.
             The game lasted 00:00:33 (202 turns).

kae the Changeling (Demonspawn Shapeshifter)         Turns: 202, Time: 00:00:33

Health: -3/21      AC:  3    Str: 14    XL:     2   Next: 37%
Magic:  2/2        EV:  1    Int: 10    God:
Gold:   37         SH:  0    Dex: 12    Spells: 1/1 levels left

rFire   . .          .
                       - Unarmed
rCold   . . .        (no shield)
rNeg    . . .        a - +0 animal skin
rPois   .            (helmet currently unavailable)
rElec   .            (cloak currently unavailable)
rCorr   .            (gloves currently unavailable)
SInv    .            (boots currently unavailable)
Will    .....        (no amulet)
Stlth   +            (no ring)
HPRegen 0.23/turn    (no ring)
MPRegen 0.08/turn

%: no passive effects
@: beast-form, constricted
A: beast (slay +1), rugged brown scales 1
a: Begin Untransformation


You were on level 1 of the Dungeon.
You were a hulking beast.
You visited 1 branch of the dungeon, and saw 1 of its levels.

You collected 37 gold pieces.


Innate Abilities, Weirdness & Mutations

You are a hulking beast.
Your limbs bulge with bestial killing power. (Slay +1)
You are partially covered in rugged brown scales. (AC +1, +3% HP)


   Skills:
 + Level 1.4 Fighting
 - Level 1.7 Dodging
 + Level 2.9 Unarmed Combat
 * Level 3.0 Shapeshifting


You had one spell level left.
You didn't know any spells.
Your spell library contained the following spells:

 Spells                   Type           Power      Damage    Failure   Level
 Summon Blazeheart Golem  Fire/Summ      0%         N/A       98%         4
 Orb of Destruction       Conj           0%         9d5       100%        7
 Spellforged Servitor     Conj/Summ      0%         N/A       100%        7

Inventory:

Armour
 a - a +0 animal skin (worn)
Talismans
 c - a beast talisman (active)
 d - a flux talisman
 e - a maw talisman
   (You found it on level 1 of the Dungeon)
Potions
 b - a potion of lignification {!q}

Dungeon Overview and Level Annotations

Branches:
Dungeon (1/15) Zot: 5798

Altars:

####......##...,,,,,,,*
####...##.#####*,,,,,,*
####...##...###*,,,,,,*
####....###.#########,*
####.##.###.....#...#,*
####....)..####.#...#,***********
####.#..##.####.....#,*,,,,,,,,,,
####.#..#..#####....#,*,,,,,,,,,,
.....)..#..##...h#+##,*,,,,,,,,,,
......).#..##..SK#,,,,*,,,,,,,,,,
........#..##..Bw+,>,,,,,,,,,,,,,
........#...#....+**,,,,,********
........###.#.....,*,,,,,******
................g.,,,,,,,+,,,,*
...)...##*.####....*,,,,,****,*
****,*,* #,,,,.....,****** *,*
,,,,,*,* *,,,,..###.* *,*


You could see a dart slug, a giant cockroach, a goblin, a ball python and a
kobold.


Message History

You now have 21 max hp (+6).
Your mp is fully restored (2).
You closely miss the frilled lizard. Your punch misses the frilled lizard.
The frilled lizard barely misses you.
You hit the frilled lizard.
You kill the frilled lizard!
A rat comes into view.
You closely miss the frilled lizard.
The rat squeaks loudly.
You hear an angry hiss.
The frilled lizard barely misses you.
You closely miss the frilled lizard. The frilled lizard closely misses you.
A frilled lizard comes into view.
You completely miss the frilled lizard.
The frilled lizard hisses angrily.
The frilled lizard bites you but does no damage. 😮 HP[+1]
You hit the frilled lizard.
You kill the frilled lizard!
A frilled lizard comes into view.
The frilled lizard hisses angrily.
You hit the goblin. The goblin barely misses you.
You miss the goblin. You barely miss the goblin.
The goblin closely misses you. 😮 HP[+1]
You hit the goblin.
You kill the goblin!
A frilled lizard comes into view.
You barely miss the frilled lizard. The frilled lizard bites you. 😮 HP[-1]
You take 1 damage, and now have 12/21 hp.
You closely miss the frilled lizard.
The frilled lizard bites you but does no damage.
You hit the frilled lizard. The frilled lizard barely misses you.
You hit the frilled lizard.
You kill the frilled lizard!
Your Shapeshifting skill increases to level 3! 😮 HP[+1]
You closely miss the rat. The rat bites you. 😮 HP[-1]
You take 1 damage, and now have 12/21 hp.
You hit the rat.
You kill the rat!
You hit the frilled lizard.
You kill the frilled lizard!
You hit the frilled lizard.
You kill the frilled lizard! 😮 HP[+1]
You closely miss the frilled lizard. The frilled lizard barely misses you.
You hit the frilled lizard.
You kill the frilled lizard!
You hit the rat.
You kill the rat!
Items here: ) †††††. 😮 HP[+1]
You start resting. 😕 HP[+3]
You regained 3 hp, and now have 17/21 hp.
As you read the scroll labelled WIYMIR BOCZI, it crumbles to dust.
You feel aware of your surroundings.
It was a scroll of revelation.
A frilled lizard and a ball python come into view.
Unknown command.
There are monsters nearby!
There are monsters nearby!
There are monsters nearby!
No target in view!
No target in view!
No target in view!
No target in view!
No target in view!
You now have 37 gold pieces (gained 5).
Items here: ) †††††.
A kobold comes into view.
It is wielding a +3 whip of electrocution. 😎 HP[+4]
Your hp is fully restored (21).
A dart slug comes into view.
The kobold shouts!
There are monsters nearby!
A giant cockroach comes into view.
A goblin comes into view. It is wielding a +0 club.
The goblin shouts!
The kobold hits you with a +3 whip of electrocution.
You are electrocuted!
Ouch! That really hurt!
* * * LOW HITPOINT WARNING * * *
The giant cockroach waves its antennae.
The ball python bites you but does no damage.
The ball python barely misses you. 😱 HP[-17]
You take 17 damage, and now have 4/21 hp.
MASSIVE DAMAGE!! (PAUSE)
Okay, then.
The ball python attacks as it pursues you!
The ball python bites you.
* * * LOW HITPOINT WARNING * * *
The ball python grabs you.
The ball python constricts you. 😱 HP[-3]
You take 3 damage, and now have 1/21 hp.
The ball python's grasp on you weakens, but your attempt to escape fails.
The kobold hits you with a +3 whip of electrocution.
You die...

Skill      XL: |  1  2 |
---------------+-------+-----
Shapeshifting  | 3 |  3.0
Fighting       | |  1.4
Dodging        | |  1.7
Unarmed Combat | |  2.9

Action                     || total
---------------------------++-------
  Melee: Unarmed           ||    35
         Punch             ||     1
    Use: Scroll            ||     1
 Armour: Animal skin       ||    14
  Dodge: Dodged            ||    16

Levels and vault maps discovered:
D:1:      dpeg_arrival_windows_large_door, layout_basic, minmay_lizard_king

Notes
Turn   | Place    | Note
-------+----------+-------------------------------------------
     0 | D:1      | kae the Demonspawn Shapeshifter began the quest for the
                  | Orb.
     0 | D:1      | Reached XP level 1. HP: 15/15 MP: 1/1
     0 | D:1      | magus.rc [v1.11.3]
     2 | D:1      | You pick up a book of Dangerous Friends and begin
                  | reading...
     2 | D:1      | You add the spells Summon Blazeheart Golem, Orb of
                  | Destruction and Spellforged Servitor to your library.
   133 | D:1      | Gained mutation: You are partially covered in rugged brown
                  | scales. (AC +1, +3% HP) [demonic ancestry]
   133 | D:1      | Reached XP level 2. HP: 11/21 MP: 2/2
   147 | D:1      | Reached skill level 3 in Shapeshifting
   200 | D:1      | HP: 4/21 [kobold/+3 whip of electrocution (14)]
   201 | D:1      | HP: 1/21 [ball python (3)]
   202 | D:1      | Slain by a kobold

Vanquished Creatures
  3 endoplasms (D:1)
  2 goblins (D:1)
  A hobgoblin (D:1)
  A quokka (D:1)
  7 frilled lizards (D:1)
  2 rats (D:1)
16 creatures vanquished.

Table legend:
 A = Non-vault XP
 B = Vault XP
 C = Vault XP percentage of total XP
 D = Non-vault monster count
 E = Vault monster count
 F = Vault count percentage of total count
                 A         B        C        D         E       F
            +---------+---------+-------+---------+---------+-------
      Total |      19 |       4 |  17.4 |      12 |       4 |  25.0
            +---------+---------+-------+---------+---------+-------
        D:1 |      19 |       4 |  17.4 |      12 |       4 |  25.0
            +---------+---------+-------+---------+---------+-------

Skill      XL: |  1  2 |
---------------+-------+-----
Shapeshifting  | 3 |  3.0
Fighting       | |  1.4
Dodging        | |  1.7
Unarmed Combat | |  2.9

Action                     || total
---------------------------++-------
  Melee: Unarmed           ||    35
         Punch             ||     1
    Use: Scroll            ||     1
 Armour: Animal skin       ||    14
  Dodge: Dodged            ||    16

Illustrated notes

Table legend:
 A = Kills in this place as a percentage of kills in the entire game.
 B = Kills by you in this place as a percentage of kills by you in the entire game.
 C = Kills by friends in this place as a percentage of kills by friends in the entire game.
 D = Other kills in this place as a percentage of other kills in the entire game.
 E = Experience gained in this place as a percentage of experience gained in the entire game.
 F = Experience gained in this place divided by the number of levels of this place that you have seen.
                   A       B       C       D       E      F
               +-------+-------+-------+-------+-------+----------------------
         Total | 100.0 | 100.0 |   N/A |   N/A | 100.0 |  23.0
       Dungeon | 100.0 | 100.0 |   N/A |   N/A | 100.0 |  23.0
               +-------+-------+-------+-------+-------+----------------------

Table legend: (Time is in decaauts)
 A = Elapsed time spent in this place.
 B = Non-inter-level travel time spent in this place.
 C = Inter-level travel time spent in this place.
 D = Time resting spent in this place.
 E = Time spent auto-exploring this place.
 F = Levels seen in this place.
 G = Mean time per level.
                   A        B        C        D        E       F      G
               +--------+--------+--------+--------+--------+-----+--------+
         Total |    200 |    200 |      0 |     13 |    114 |   1 |  200.0 |
       Dungeon |    200 |    200 |      0 |     13 |    114 |   1 |  200.0 |
               +--------+--------+--------+--------+--------+-----+--------+

Top non-repeatable levels by time:
     D:1: 200 daAuts
